 Dungeon Crawl Stone Soup version 0.23.0-3-gf3c87f2 (webtiles) character file.

Game seed: 12619272563924022246

446 Scaeme the Ruffian (level 7, -2/59 HPs)
             Began as a Ghoul Monk on Feb 24, 2019.
             Slain by a gnoll
             ... wielding a +0 halberd
              (16 damage)
             ... on level 3 of the Dungeon.
             The game lasted 00:18:26 (2380 turns).

Scaeme the Ruffian (Ghoul Monk)                     Turns: 2380, Time: 00:18:26

Health: -2/59      AC:  3    Str: 15    XL:     7   Next: 3%
Magic:  6/6        EV: 14    Int:  5    God:
Gold:   93         SH:  0    Dex: 13    Spells: 6/6 levels left

rFire    . . .     SeeInvis +     - Unarmed
rCold    + . .     Gourm    .   (no shield)
rNeg     + + +     Faith    .   a - +1 robe
rPois    ∞         Spirit   .   (no helmet)
rElec    .         Reflect  .   (no cloak)
rCorr    .         Harm     .   (no gloves)
MR       .....                  (no boots)
Stlth    ++........             h - amulet of rage
HPRegen  0.00/turn              i - ring of see invisible
MPRegen  0.10/turn              (no ring)

@: rotting
A: rotting body, claws 1, carnivore, cold resistance 1, negative energy
resistance 3, inhibited regeneration, torment resistance, unbreathing
a: no special abilities


You were on level 3 of the Dungeon.
You were not hungry.

You visited 1 branch of the dungeon, and saw 3 of its levels.

You collected 93 gold pieces.

Inventory:

Missiles
 g - 226 stones (quivered)
Armour
 a - a +1 robe (worn)
Jewellery
 h - an amulet of rage (around neck)
 i - a ring of see invisible (left claw)
Scrolls
 c - 2 scrolls of remove curse
 e - 3 scrolls of teleportation
 k - 2 scrolls of identify {unknown}
Potions
 f - 2 potions of curing
Comestibles
 b - 4 rations


   Skills:
 + Level 4.3 Fighting
 + Level 3.8 Dodging
 + Level 3.9 Stealth
 + Level 6.5 Unarmed Combat


You had 6 spell levels left.
You didn't know any spells.
Your spell library was empty.

Dungeon Overview and Level Annotations

Branches:
Dungeon (3/15)

Altars:
Gozag


Innate Abilities, Weirdness & Mutations

Your body is rotting away.
You thrive on raw meat.
You are immune to poison.
You have sharp fingernails.
You are carnivorous and can eat meat at any time.
Your flesh is cold resistant. (rC+)
You are immune to negative energy. (rN+++)
You do not regenerate when monsters are visible.
You are immune to unholy pain and torment.
You can survive without breathing.


Message History

You claw the big kobold!
The big kobold is moderately wounded.
The big kobold misses you. The kobold hits you with a +0 club.
The gnoll closely misses you. The kobold hits you but does no damage.
You scratch the big kobold but do no damage.
The big kobold is moderately wounded.
The big kobold misses you. The kobold closely misses you.
The kobold barely misses you.
You scratch the big kobold.
The big kobold is heavily wounded.
The gnoll hits you with a +0 halberd!!
* * * LOW HITPOINT WARNING * * *
The big kobold barely misses you. The kobold hits you but does no damage.
You are too injured to fight recklessly!
You are too injured to fight recklessly!
The kobold hits you with a +0 club.
* * * LOW HITPOINT WARNING * * *
The kobold barely misses you.
The gnoll hits you from afar with a +0 halberd!
You die...

## ######### ##################K
...#....# .#..............#K
...#....# '..............#K
####....#########.g............##
..#)....)#.....(@)K.########....§
..)(....()).(())KKK.# #...K.
..#.....)#..........########K....
####....#########.......((..)..##
...#....# '.........)(...#.
...#....# #..............#.
#####''#########################K
≈≈≈.....≈≈≈≈≈≈≈≈≈≈≈≈≈≈≈≈≈≈≈ ##
≈≈≈.)...≈≈≈≈≈≈≈≈≈≈≈≈≈≈≈≈≈≈≈


You could see a big kobold, a gnoll and 3 kobolds.

Vanquished Creatures
  5 big kobolds (D:3)
  2 adders
  A worm (D:2)
  2 dart slugs (D:2)
  2 leopard geckos
  A ball python (D:1)
  4 bats
  5 giant cockroaches
  3 hobgoblins (D:1)
  43 kobolds
  2 frilled lizards
  4 goblins
  6 rats
80 creatures vanquished.

Notes
Turn   | Place    | Note
-------+----------+-------------------------------------------
     0 | D:1      | Scaeme the Ghoul Monk began the quest for the Orb.
     0 | D:1      | Reached XP level 1. HP: 19/19 MP: 0/0
   129 | D:1      | Reached XP level 2. HP: 26/26 MP: 1/1
   728 | D:2      | Reached XP level 3. HP: 33/33 MP: 2/2
   811 | D:2      | Found an opulent altar of Gozag.
  1185 | D:2      | Reached skill level 4 in Unarmed Combat
  1690 | D:3      | Noticed a big kobold
  1727 | D:3      | Killed a big kobold
  1727 | D:3      | Reached XP level 4. HP: 4/40 MP: 3/3
  1727 | D:3      | Reached XP level 5. HP: 4/46 MP: 4/4
  1949 | D:3      | Noticed a big kobold
  1971 | D:3      | Killed a big kobold
  1971 | D:3      | Reached skill level 5 in Unarmed Combat
  2054 | D:3      | Noticed a big kobold
  2067 | D:3      | Killed a big kobold
  2067 | D:3      | Reached XP level 6. HP: 34/52 MP: 5/5
  2171 | D:3      | Reached skill level 6 in Unarmed Combat
  2325 | D:3      | Reached XP level 7. HP: 49/59 MP: 6/6
  2380 | D:3      | Slain by a gnoll

Skill      XL: |  1  2  3  4  5  6 |
---------------+-------------------+-----
Dodging        | 3 |  3.8
Unarmed Combat | 4 5 6 |  6.5
Fighting       | 4 |  4.3
Stealth        | 3 |  3.9

Action                   |  1- 3 |  4- 6 |  7- 9 || total
-------------------------+-------+-------+-------++-------
Melee: Unarmed           |   130 |   105 |    38 ||   273
       Punch             |     2 |     1 |     1 ||     4
Throw: Stone             |       |     6 |       ||     6
  Use: Potion            |     5 |       |       ||     5
       Scroll            |     3 |     2 |       ||     5
 Stab: Sleeping          |     6 |     2 |       ||     8
  Eat: Chunk             |    14 |    15 |     7 ||    36
Armor: Robe              |    14 |    19 |     6 ||    39
Dodge: Dodged            |    80 |    82 |    42 ||   204
